 Dungeon Crawl Stone Soup version 0.31.0-12-g77e489cdc1 (webtiles) character file.

Game seed: 8232705460017153221

5218 H0rd4k the Martial Artist (level 10, -3/41 HPs)
             Began as an Octopode Artificer on Feb 26, 2024.
             Was an Initiate of Gozag.
             Shot with a bolt by an orc warrior (18 damage)
             ... in a bailey on Feb 27, 2024.
             The game lasted 00:17:23 (8912 turns).

H0rd4k the Martial Artist (Octopode Artificer)      Turns: 8912, Time: 00:17:23

Health: -3/41      AC:  5    Str: 15 (16) XL:     10   Next: 61%
Magic:  12/12      EV: 10    Int: 15 (18) God:    Gozag
Gold:   843        SH:  0    Dex: 10 (11) Spells: 12/12 levels left

rFire   . .          .
                       - Unarmed
rCold   . . .        (shield currently unavailable)
rNeg    . . .        (helmet currently unavailable)
rPois   +            a - amulet of magic regeneration
rElec   .            m - ring of wizardry
rCorr   .            (no ring)
SInv    .            (no ring)
Will    .....        (no ring)
Stlth   +            (no ring)
HPRegen 0.26/turn    (no ring)
MPRegen 0.53/turn    (no ring)
                     (no ring)

%: wizardry (x1)
@: snake-form
A: constrict, reduced hp, almost no armour, amphibious, 8 rings, large,
(camouflage 1), (gelatinous body 1), (nimble swimmer 1), (tentacles), clumsy 1,
wild magic 1
a: Begin Untransformation, Renounce Religion, Potion Petition, Call Merchant,
Bribe Branch


You were in a bailey.
You worshipped Gozag.
Gozag was pleased with you.
You were an enormous serpent.
You visited 2 branches of the dungeon, and saw 10 of its levels.
You also visited: Bailey.

You collected 968 gold pieces.
You paid 125 gold pieces to Gozag.

Inventory:

Missiles
 n - 22 poisoned darts (quivered)
Armour
 o - an orb of light
Jewellery
 a - an amulet of magic regeneration (around neck)
 f - an amulet of faith
 m - a ring of wizardry (left tentacle)
Talismans
 y - a serpent talisman (active)
Wands
 q - a wand of polymorph (6)
Scrolls
 c - a scroll of vulnerability
 g - a scroll of fog
 j - a scroll of revelation
 t - 2 scrolls of enchant armour
Potions
 e - 2 potions of lignification
 p - 2 potions of brilliance
 r - a potion of mutation
 s - 4 potions of curing
 A - 2 potions of heal wounds {unknown}


   Skills:
 + Level 5.0 Fighting
 + Level 0.8 Throwing
 - Level 2.3 Dodging
 - Level 1.3 Stealth
 + Level 12.9 Unarmed Combat
 * Level 1.6 Spellcasting
 - Level 3.2 Evocations
 + Level 5.2 Shapeshifting


You had 12 spell levels left.
You didn't know any spells.
Your spell library contained the following spells:

 Spells                   Type           Power      Damage    Failure   Level
 Dazzling Flash           Conj/Hex       2%         N/A       32%         3
 Gell's Gravitas          Tloc           1%         N/A       32%         3
 Teleport Other           Tloc           1%         N/A       32%         3
 Volatile Blastmotes      Fire/Tloc      2%         2d10      32%         3
 Dispersal                Tloc           0%         N/A       100%        6
 Starburst                Conj/Fire      0%         6d3       100%        6
 Maxwell's Capacitive Co  Air            0%         ∞         100%        8


Dungeon Overview and Level Annotations

Branches:
Dungeon (9/15)             Temple (1/1) D:6            Lair (0/5) D:8
 Bailey (1/1)
    Orc: D:9-12

Altars:
Ashenzari
Dithmenos
Elyvilon
Fedhas
Gozag
Hepliaklqana
Kikubaaqudgha
Makhleb
Nemelex Xobeh
Okawaru
Qazlal
Ru
Sif Muna
Trog
Uskayaw
Vehumet
Wu Jian
Xom
Yredelemnul
Zin
The Shining One
Lugonu

Shops:
D:1 :

Portals:
Abyss: D:5 D:6

Annotations:
D:5 2 transporters, exclusion: 2 downstairs, Computerfleisch's ghost, amateur MiFi
D:6 exclusion: downstairs
D:8 exclusion: upstairs


Innate Abilities, Weirdness & Mutations

You are an enormous serpent.
You have a powerful constriction melee attack.
Your maximum health is decreased, since you lack skill for your form.
Your armour is entirely melded.
You are incapable of wielding weapons or throwing items.
You cannot wear most types of armour.
You are amphibious.
You can wear up to eight rings at the same time.
((Your skin changes colour to match your surroundings (Stealth+).))
((Your rubbery body absorbs attacks. (AC +1, EV +1)))
((You are camouflaged when in or above water. (Stealth+)))
((You have tentacles for arms and can constrict up to eight enemies at once.))
You are clumsy. (Dex -2)
Your spells are a little harder to cast, but a little more powerful.


Message History

You enter a bailey!
Found a gate leading back out of this place.
There is an empty arch of ancient stone here.
You feel a little less mighty now.
HP restored.
An orc warrior comes into view. It is wielding a +0 arbalest.
The orc warrior shouts!
You hear a shout!
An orc warrior comes into view. It is wielding a +0 arbalest.
You hear a shout!
Unknown command.
You drop a potion of degeneration.
The orc warrior shouts!
Unknown command.
Saving game... please wait.
Welcome back, H0rd4k the Octopode Artificer.
Gozag says: Greed is good.
Press ? for a list of commands and other information.
An orc comes into view. It is wielding a +0 arbalest.
Found a gate leading back out of this place.
An orc warrior comes into view. It is wielding a +0 arbalest.
The orc warrior shouts!
The orc warrior shoots a bolt.
The bolt hits you!
You enter the deep water.
The orc shoots a bolt.
The bolt hits you!
The orc shoots a bolt.
The bolt hits you.
The orc warrior shoots a bolt.
The bolt hits you.
The orc warrior shoots a bolt.
The bolt barely misses you.
You closely miss the orc warrior. Your grab misses the orc warrior.
You barely miss the orc warrior. You grab the orc warrior.
You constrict the orc warrior, but do no damage.
The orc shoots a bolt.
The bolt closely misses you.
The orc warrior shoots a bolt.
The bolt closely misses you.
The orc warrior unwields a +0 arbalest.
The orc warrior hits you but does no damage.
You lash the orc warrior!
The orc warrior is heavily wounded.
You constrict the orc warrior.
The orc shoots a bolt.
The bolt hits you!
The orc warrior shoots a bolt.
The bolt hits you!!
You die...
Your body crumbles into a pile of gold.

###################
.................∩#
................∩.#
.................!#
..................#
......o≈≈≈≈≈......#
......≈S###≈≈.....#
.....o≈##.##≈.....#
......o o..#≈.....#
......≈#∩.##≈.....#
......≈##.#≈≈.....#
###...≈ ≈.≈≈......#
##... ... ......#
##..


You could see 2 orc warriors and an orc.

Vanquished Creatures
  2 two-headed ogres
  A cyclops (D:7)
  Sigmund (D:5)
  A wyvern (D:7)
  2 steam dragons
  A vampire mosquito (D:7)
  A water moccasin (D:8)
  An orc warrior (D:8)
  4 ogres
  3 centaurs
  2 phantoms (D:7)
  4 kobold brigands
  2 bullfrogs (D:6)
  3 scorpions
  6 killer bees
  6 electric eels (D:7)
  A howler monkey (D:9)
  A bombardier beetle (D:5)
  4 hounds
  2 jellies
  A gnoll bouda (D:7)
  2 orc priests (D:8)
  4 iguanas
  3 sleepcaps
  5 orc wizards
  4 adders
  6 gnolls
  A shadow imp (D:5)
  2 white imps
  4 dart slugs
  A ribbon worm (D:3)
  30 orcs
  6 endoplasms
  2 giant cockroaches
  3 goblins
  8 hobgoblins
  6 jackals
  7 quokkas
  4 ball pythons
  4 bats
  4 frilled lizards (D:3)
  23 kobolds
  4 rats
182 creatures vanquished.

Vanquished Creatures (collateral kills)
  A howler monkey (D:7)
  2 iguanas
  An orc (D:6)
4 creatures vanquished.

Vanquished Creatures (others)
  An ogre (D:7)
  An adder (D:2)
2 creatures vanquished.

Grand Total: 188 creatures vanquished

Notes
Turn   | Place    | Note
-------+----------+-------------------------------------------
     0 | D:1      | H0rd4k the Octopode Artificer began the quest for the Orb.
     0 | D:1      | Reached XP level 1. HP: 13/13 MP: 1/1
   119 | D:1      | Reached skill level 1 in Unarmed Combat
   121 | D:1      | Reached XP level 2. HP: 17/18 MP: 2/2
   525 | D:1      | Found Ruxein's Book Emporium.
   685 | D:2      | Reached skill level 2 in Unarmed Combat
   729 | D:2      | Reached XP level 3. HP: 23/23 MP: 3/3
   754 | D:2      | Identified the +4 ring mail of Effeituf {^Contam rElec rF+
                  | Stlth+}
   929 | D:2      | Reached skill level 3 in Unarmed Combat
   929 | D:2      | Reached XP level 4. HP: 7/29 MP: 4/4
  1149 | D:2      | Found a faded altar of an unknown god.
  2538 | D:3      | Reached skill level 4 in Unarmed Combat
  2654 | D:3      | Reached XP level 5. HP: 34/34 MP: 5/5
  3117 | D:4      | Identified the +4 scale mail of the Banana {Rampage Str+3}
  3210 | D:4      | You fall into a shaft and drop 3 floors!
  3226 | D:7      | Reached skill level 5 in Unarmed Combat
  3232 | D:7      | Reached XP level 6. HP: 39/39 MP: 6/6
  3329 | D:7      | Noticed a steam dragon
  3386 | D:7      | HP: 1/39 [phantom (4)]
  3541 | D:7      | Noticed a wyvern
  3569 | D:5      | Entered Level 5 of the Dungeon
  3580 | D:5      | Reached skill level 6 in Unarmed Combat
  3637 | D:5      | Reached XP level 7. HP: 44/45 MP: 7/7
  3815 | D:5      | Reached skill level 1 in Shapeshifting
  3952 | D:5      | Reached skill level 7 in Unarmed Combat
  4191 | D:5      | Found a transporter.
  4191 | D:5      | Noticed a small abomination
  4266 | D:5      | Found a transporter.
  4278 | D:5      | Found a one-way gate to the infinite horrors of the Abyss.
  4278 | D:5      | Noticed Computerfleisch's ghost (amateur MiFi)
  4763 | D:5      | Noticed Sigmund
  4772 | D:5      | Killed Sigmund
  4773 | D:5      | Reached skill level 8 in Unarmed Combat
  4773 | D:5      | Reached XP level 8. HP: 43/51 MP: 8/8
  4925 | D:6      | Found a large runed translucent door.
  4925 | D:6      | Found a large runed translucent door.
  5033 | D:6      | Found a staircase to the Ecumenical Temple.
  5041 | Temple   | Entered the Ecumenical Temple
  5044 | Temple   | Became a worshipper of Gozag Ym Sagoz the Greedy
  5049 | D:6      | Noticed a two-headed ogre
  5185 | D:6      | Found a corrupted altar of Lugonu.
  5388 | D:6      | Killed a two-headed ogre
  5389 | D:6      | Reached skill level 10 in Unarmed Combat
  5389 | D:6      | Reached XP level 9. HP: 57/57 MP: 9/9
  6099 | D:7      | Reached skill level 11 in Unarmed Combat
  6299 | D:7      | Found a white marble altar of Elyvilon.
  6499 | D:7      | Noticed a cyclops
  6499 | D:7      | Noticed a two-headed ogre
  6511 | D:7      | Killed a cyclops
  6513 | D:7      | Reached XP level 10. HP: 49/64 MP: 10/10
  6523 | D:7      | Killed a two-headed ogre
  6524 | D:7      | Reached skill level 12 in Unarmed Combat
  6524 | D:7      | Reached skill level 5 in Shapeshifting
  6613 | D:7      | Noticed a gargoyle
  6653 | D:7      | Identified the +4 halberd of Waqoh {distort, rElec rF+
                  | rCorr}
  7180 | D:8      | Found a burning altar of Makhleb.
  7180 | D:8      | Found a glowing golden altar of the Shining One.
  7225 | D:8      | HP: 3/65 [orc priest/divine providence (11)]
  7777 | D:8      | Found a staircase to the Lair.
  8158 | D:8      | Reached skill level 1 in Spellcasting
  8364 | D:8      | HP: 1/40 [killer bee (5)]
  8609 | D:8      | Reached skill level 5 in Fighting
  8670 | D:9      | HP: 1/41 [orc warrior/arrow (17)]
  8716 | D:8      | Gained mutation: Your spells are a little harder to cast,
                  | but a little more powerful. [potion of mutation]
  8716 | D:8      | Gained mutation: You are clumsy. (Dex -2) [potion of
                  | mutation]
  8788 | D:9      | Found a flagged portal.
  8797 | Bailey   | Entered a bailey
  8912 | Bailey   | Shot with a bolt by an orc warrior

Illustrated notes

Levels and vault maps discovered:
D:1:      reono_arrival_forest_river, layout_loops_cross, serial_shops,
          nicolae_shop_just_a_little_nook
D:2:      layout_basic, hellmonk_ecumenical_altar_heavens_door,
          nicolae_elevator_lobby_plus
D:3:      layout_loops_cross
D:4:      layout_loops_corners
D:5:      layout_basic, gammafunk_ghost_abyssal_escape, uniq_sigmund
D:6:      due_chaos_kobolds, layout_rooms, minmay_temple_entry_junction_2,
          minmay_misc_feat_enclosed
D:7:      layout_rooms, mainiacjoe_overflow_alcove_4, chequers_big_river,
          minmay_the_grid_2x2 [minmay_the_grid_empty,
          minmay_the_grid_diamond_grid, minmay_the_grid_medium_cups,
          minmay_the_grid_prize_shrinking_boxes]
D:8:      layout_cave_pods, gammafunk_temple_overflow_statue, lair_entry_dummy
D:9:      layout_cross, kennysheep_slug_shrine, orc_0_dummy, serial_shops, shop,
          enter_bailey_8, kennysheep_generic_room_7
Temple:   dpeg_three_leaves_temple
Bailey:   bailey_polearm_2, bailey

Skill      XL: |  1  2  3  4  5  6  7  8  9 10 |
---------------+-------------------------------+-----
Unarmed Combat | 1 2 3 4 5 6 8 10 11 12 | 12.9
Fighting       | 2 3 4 5 |  5.0
Shapeshifting  | 2 3 4 5 |  5.2
Spellcasting   | 1 |  1.6
Throwing       | |  0.8
Dodging        | |  2.3
Stealth        | |  1.3
Evocations     | |  3.2

Action                     |  1- 3 |  4- 6 |  7- 9 | 10-12 || total
---------------------------+-------+-------+-------+-------++-------
  Melee: Unarmed           |    66 |   121 |    83 |   121 ||   391
         Tentacles         |    16 |    24 |    20 |    11 ||    71
         Constrict         |    18 |    29 |    22 |    27 ||    96
         Punch             |     1 |     3 |     6 |     1 ||    11
  Throw: Dart              |       |       |       |     3 ||     3
  Evoke: Wand              |     2 |    17 |    49 |    10 ||    78
    Use: Scroll            |       |       |     8 |     7 ||    15
         Potion            |       |       |       |     9 ||     9
   Stab: Sleeping          |     6 |     8 |     6 |     2 ||    22
         Distracted        |       |       |       |     1 ||     1
 Armour: Skin              |    24 |    46 |    40 |   115 ||   225
  Dodge: Dodged            |    30 |    71 |    50 |    58 ||   209
   Form: Serpent           |       |       |       |     1 ||     1
